 Dungeon Sprint DCSS version 0.17-a0-1485-g22cb0ee (webtiles) character file.

105498267 pulse the Skullcrusher (level 27, 147/249 HPs)
             Began as a Formicid Berserker on July 5, 2015.
             Was the Champion of the Shining One.
             Escaped with the Orb
             ... and 16 runes!
             The game lasted 01:20:54 (15351 turns).

pulse the Skullcrusher (Formicid Berserker)        Turns: 15351, Time: 01:20:55

Health: 147/249    AC: 42    Str: 40    XL:     27
Magic:  19/48      EV: 33    Int: 10    God:    the Shining One [******]
Gold:   411        SH: 37    Dex: 22    Spells: 1 memorised, 77 levels left

rFire  + . .     SeeInvis +     b - +11 great mace of Crawling {speed, rF+ Dex+9}
rCold  + . .     Clarity  .     E - +8 plate armour of Darkness {+Inv rElec rPois MR++}
rNeg   + + +     SustAt   .     G - +6 large shield
rPois  +         Gourm    .     (helmet unavailable)
rElec  +         Spirit   .     D - +2 cloak
rCorr  .         Warding  .     y - +2 pair of gloves
rMut   .         Stasis   +     n - +2 pair of boots
MR     ++++.                    F - amulet of Yhin {rPois Regen+}
Stlth  +.........               r - +6 ring of strength
                                Q - ring of Kiaczasu {rC+ Str+3 Dex+2 SInv}

@: glowing, incredibly resistant to hostile enchantments, very unstealthy
A: permanent stasis, dig shafts and tunnels, four strong arms, antennae 3, low
mp 1, mutation resistance 1
a: Dig, Divine Shield, Cleansing Flame, Summon Divine Warrior, Renounce
Religion, Evoke Invisibility
0: Orb of Zot
}: 16/15 runes: decaying, barnacled, slimy, elven, silver, golden, iron,
obsidian, icy, bone, abyssal, glowing, magical, fiery, dark, gossamer


You escaped.
You worshipped the Shining One.
The Shining One was exalted by your worship.
You were not hungry.

You visited 1 branch You collected 1925 gold pieces.
You spent 1514 gold pieces at shops.

Inventory:

Hand weapons
 a - a +3 sacred scourge of holy wrath
 b - the +11 great mace of Crawling (weapon) {speed, rF+ Dex+9}
   (Trog gifted it to you in the Dungeon)

   Attacks with this weapon are significantly faster.
   It affects your dexterity (+9).
   It protects you from fire.
Armour
 n - a +2 pair of boots (worn)
 y - a +2 pair of gloves (worn)
 D - a +2 cloak (worn)
 E - the +8 plate armour of Darkness (worn) {+Inv rElec rPois MR++}
   (You bought it in a shop in the Dungeon)

   It insulates you from electricity.
   It protects you from poison.
   It affects your resistance to hostile enchantments.
   It lets you turn invisible.
 G - a +6 large shield (worn)
 R - the +0 cloak of the Cooper {rF+}
   (You found it in the Dungeon)

   It protects you from fire.
Jewellery
 q - an uncursed ring of protection from cold
 r - a +6 ring of strength (right hand)
 u - an uncursed ring of flight
 F - the amulet of Yhin (around neck) {rPois Regen+}
   (You bought it in a shop in the Dungeon)

   [amulet of regeneration]

   It protects you from poison.
   It increases your rate of regeneration.
 K - an uncursed ring of protection from magic
 L - an uncursed ring of sustain attributes
 M - the ring "Xijuorgh" {rElec rF+ MR++ MP+9 Int-2}
   (You found it in the Dungeon)

   [ring of protection from fire]

   It affects your intelligence (-2).
   It protects you from fire.
   It insulates you from electricity.
   It affects your resistance to hostile enchantments.
   It affects your magic capacity (+9).
 Q - the ring of Kiaczasu (left hand) {rC+ Str+3 Dex+2 SInv}
   (You found it in the Dungeon)

   [ring of strength]

   It affects your strength (+3).
   It affects your dexterity (+2).
   It protects you from cold.
   It lets you see invisible.
Magical devices
 l - a wand of cold (0)
 V - a wand of hasting (4)
Scrolls
 d - 3 scrolls of amnesia
 e - 7 scrolls of fog
 i - 5 scrolls of blinking
 k - 5 scrolls of remove curse
 p - a scroll of random uselessness
 v - 2 scrolls of identify
 B - 3 scrolls of enchant weapon
 C - 2 scrolls of fear
Potions
 g - 4 potions of magic
 m - a potion of mutation
Books
 H - a book of Party Tricks

   Spells                             Type                      Level
   a - Summon Butterflies             Summoning                    1
   b - Apportation                    Translocation                1
   c - Tukima's Dance                 Hexes                        3
   d - Alistair's Intoxication        Transmutation/Poison         4
   e - Invisibility                   Hexes                        6
Comestibles
 c - 8 bread rations
 x - 28 fruits
 z - 3 meat rations


   Skills:
 O Level 27 Fighting
 O Level 27 Maces & Flails
 O Level 27 Throwing
 O Level 27 Armour
 O Level 27 Dodging
 O Level 27 Stealth
 O Level 27 Shields
 O Level 27 Unarmed Combat
 O Level 27 Spellcasting
 O Level 27 Hexes
 O Level 27 Invocations
 O Level 27 Evocations


You had 77 spell levels left.
You knew the following spells:

 Your Spells              Type           Power        Failure   Level  Hunger
a - Tukima's Dance        Hex            ######..     0%          3    None


Dungeon Overview and Level Annotations

Branches:
Dungeon (1/1)

Altars:
Cheibriados
Dithmenos
Elyvilon
Fedhas
Gozag
Kikubaaqudgha
Makhleb
Nemelex Xobeh
Okawaru
Qazlal
Ru
Sif Muna
Trog
Vehumet
Xom
Yredelemnul
Zin
The Shining One
Beogh
Jiyva
Lugonu

Shops:
D *=}[


Innate Abilities, Weirdness & Mutations

You are under a permanent stasis effect.
You can dig through walls and to a lower floor.
Your four strong arms can wield two-handed weapons with a shield.
You have a pair of large antennae on your head (SInv).
Your magical capacity is low (-10% MP).
You are somewhat resistant to further mutation.


Message History

You block the sixfirhy's attack. x2
You bludgeon the sixfirhy!!
The sixfirhy is almost dead.
You block the sixfirhy's attack. x2
Your angel gestures.
Your angel is healed somewhat.
You closely miss the sixfirhy.
The sixfirhy is almost dead.
You block the sixfirhy's attack. x2
You pound the sixfirhy like an anvil!!!!
You kill the sixfirhy!
The Shining One accepts your kill.
You feel a little better.
You feel your power returning.
There is an open door to the Dungeon, spattered with blood here.
Your divine shield fades away.
You see here a giant spiked club.
Your angel gestures.
Your angel is healed somewhat.
There is a staircase leading out of the dungeon, spattered with blood here.
You have escaped!

▓().....)....)))))
▓)▓▓▓▓▓▓▓▓▓▓▓▓▓▓▓▓
▓.................
▓▓▓▓▓▓▓▓▓▓▓▓▓▓▓▓▓▓
▓{).....'....[)...
▓.▓▓▓▓▓▓▓▓▓▓▓▓▓▓▓▓
▓............{{...
▓▓▓▓▓▓▓▓▓▓▓▓▓▓▓▓▓▓
▓@A...'.....).....
▓▓▓▓▓▓▓▓▓▓▓▓▓▓▓▓▓▓


You could see a friendly angel.

Vanquished Creatures
  Cerebov (D)
  Antaeus (D)
  Asmodeus (D)
  the royal jelly (D)
  Ereshkigal (D)
  Gloorx Vloq (D)
  3 seraphim (D)
  Mnoleg (D)
  Lom Lobon (D)
  Dispater (D)
  6 ancient liches (D)
  2 orbs of fire (D)
  Mara (D)
  Mennas (D)
  5 greater mummies (D)
  Boris (D)
  Frederick (D)
  Margery (D)
  Norris (D)
  24 pandemonium lords (D)
  Geryon (D)
  5 golden dragons (D)
  Nikola (D)
  Jory (D)
  Xtahua (D)
  9 liches (D)
  3 electric golems (D)
  3 hellephants (D)
  7 tentacled monstrosities (D)
  4 Brimstone Fiends (D)
  7 Ice Fiends (D)
  7 Hell Sentinels (D)
  3 deep elf blademasters (D)
  A titan (D)
  74 Orb Guardians (D)
  2 deep elf master archers (D)
  7 acid blobs (D)
  A Shadow Fiend (D)
  6 Executioners (D)
  12 sphinxes (D)
  A warmonger (D)
  A draconian monk (D)
  3 storm dragons (D)
  9 shadow dragons (D)
  A thorn hunter (D)
  3 azure jellies (D)
  3 greater nagas (D)
  Ilsuiw (D)
  3 deep elf sorcerers (D)
  4 fire giants (D)
  A draconian knight (D)
  3 vault wardens (D)
  4 frost giants (D)
  A ghost moth (D)
  A balrug (D)
  Louise (D)
  5 emperor scorpions (D)
  7 cacodemons (D)
  3 draconian scorchers (D)
  3 draconian zealots (D)
  2 ironheart preservers (D)
  5 angels (D)
  A draconian shifter (D)
  2 draconian annihilators (D)
  A blood saint (D)
  A war gargoyle (D)
  9 vampire knights (D)
  7 reapers (D)
  6 stone giants (D)
  6 green draconians (D)
  2 corrupters (D)
  3 black draconians (D)
  A salamander stormcaller (D)
  5 lorocyprocas (D)
  A mottled draconian (D)
  3 red draconians (D)
  4 white draconians (D)
  A deep elf annihilator (D)
  2 purple draconians (D)
  A yellow draconian (D)
  5 black suns (D)
  5 merfolk impalers (D)
  7 blizzard demons (D)
  2 deep elf death magi (D)
  5 mummy priests (D)
  25 vault guards (D)
  6 fire dragons (D)
  6 death oozes (D)
  2 great orbs of eyes (D)
  3 deep elf high priests (D)
  4 green deaths (D)
  An entropy weaver (D)
  3 yaktaur captains (D)
  5 ice dragons (D)
  4 death cobs (D)
  A naga warrior (D)
  5 hell beasts (D)
  4 monstrous demonspawn (D)
  2 merfolk avatars (D)
  2 anacondas (D)
  6 hydras (D)
  A ghost crab (shapeshifter) (D)
  Erica (D)
  6 ogre magi (D)
  An alligator snapping turtle (D)
  A death yak (D)
  4 merfolk aquamancers (D)
  A tengu warrior (D)
  A spriggan berserker (D)
  A deep troll earth mage (D)
  14 soul eaters (D)
  An orc high priest (D)
  A naga sharpshooter (D)
  10 sun demons (D)
  A vampire mage (D)
  A shock serpent (D)
  A deep elf knight (D)
  A centaur warrior (D)
  Sonja (D)
  10 hell hogs (D)
  5 small abominations (D)
  2 thrashing horrors (D)
  2 hell knights (D)
  A shadow wraith (D)
  A spriggan druid (D)
  3 putrid demonspawn (D)
  4 gelid demonspawn (D)
  A ball lightning (D)
  A naga ritualist (D)
  3 shadow demons (D)
  7 swamp dragons (D)
  3 starcursed masses (D)
  2 cherubim (D)
  3 giant orange brains (D)
  2 infernal demonspawn (D)
  12 ice devils (D)
  2 orb spiders (D)
  A swamp dragon (shapeshifter) (D)
  4 orc knights (D)
  2 griffons (D)
  2 wizards (D)
  7 hill giants (D)
  3 harpies (D)
  2 ugly things (D)
  3 wolf spiders (D)
  2 ironbrand convokers (D)
  A salamander (D)
  A salamander (shapeshifter) (D)
  2 water nymphs (D)
  4 cyclopes (D)
  A mana viper (shapeshifter) (D)
  23 sixfirhies (D)
  25 smoke demons (D)
  A siren (D)
  3 toenail golems (D)
  7 moths of wrath (D)
  2 manticores (D)
  2 guardian serpents (D)
  2 black mambas (D)
  24 rust devils (D)
  2 elephants (D)
  4 naga magi (D)
  3 spiny frogs (D)
  2 yaktaurs (D)
  21 orange demons (D)
  32 hellwings (D)
  A purple draconian zombie (D)
  A komodo dragon (D)
  2 gargoyles (D)
  A green draconian zombie (D)
  A tengu conjurer (D)
  9 tormentors (D)
  3 demonic crawlers (D)
  7 hellions (D)
  2 jumping spiders (D)
  A kobold demonologist (D)
  17 guardian mummies (D)
  3 efreet (D)
  A queen bee (shapeshifter) (D)
  A polar bear (D)
  13 red devils (D)
  4 blink frogs (D)
  2 merfolk (D)
  6 two-headed ogres (D)
  A wandering mushroom (D)
  14 blue devils (D)
  2 boulder beetles (D)
  2 slime creatures (D)
  2 bog bodies (D)
  11 large abominations (D)
  A wyvern (D)
  A yak (D)
  A vampire (D)
  A redback (D)
  A trapdoor spider (D)
  8 ynoxinuls (D)
  11 spriggans (D)
  2 tarantellas (D)
  5 neqoxecs (D)
  A wraith (D)
  14 golden eyes (D)
  A vampire mosquito (D)
  14 chaos spawn (D)
  An insubstantial wisp (D)
  A hippogriff (D)
  2 water moccasins (D)
  A spider (D)
  5 nagas (D)
  5 hell hounds (D)
  A mottled dragon (D)
  A swamp drake (D)
  3 black bears (D)
  A porcupine (D)
  11 orc warriors (D)
  An eye of draining (D)
  8 ogres (D)
  3 crocodiles (D)
  4 giant frogs (D)
  A wight (D)
  5 crimson imps (D)
  4 quasits (D)
  4 iron imps (D)
  An iguana (D)
  5 orc wizards (D)
  2 worker ants (D)
  A sheep (D)
  9 white imps (D)
  8 shadow imps (D)
  8 ufetubi (D)
  3 giant eyeballs (D)
  2 adder skeletons (D)
  12 orcs (D)
  4 bats (D)
  A goblin (D)
  A hobgoblin (D)
  A giant cockroach (D)
  A giant cockroach zombie (D)
  A kobold (D)
  2 fire vortices (D)
  A plant (D)
1027 creatures vanquished.

Vanquished Creatures (collateral kills)
  2 pandemonium lords (D)
  A profane servitor (D)
  A lich (D)
  A cacodemon (D)
  A hell beast (D)
  A soul eater (D)
  An ice devil (D)
  A sixfirhy (D)
  An orange demon (D)
  A smoke demon (D)
  A guardian mummy (D)
  3 neqoxecs (D)
  A golden eye (D)
  A large abomination (D)
  A crimson imp (D)
  An iron imp (D)
  A white imp (D)
20 creatures vanquished.

Vanquished Creatures (others)
  An ironheart preserver (D)
  A salamander stormcaller (D)
  A great orb of eyes (D)
  2 hell knights (D)
  6 ball lightnings (D)
  A cyclops (D)
  A demonic crawler (D)
  A ynoxinul (D)
  3 golden eyes (D)
  2 chaos spawn (D)
  A neqoxec (D)
  A small abomination (D)
  An ufetubus (D)
  2 fire vortices (D)
  2 plants (D)
26 creatures vanquished.

Grand Total: 1073 creatures vanquished

Notes
Turn   | Place    | Note
--------------------------------------------------------------
     0 | D        | pulse the Formicid Berserker began the quest for the Orb.
     0 | D        | Reached XP level 1. HP: 18/18 MP: 1/1
    13 | D        | Acquired Trog's second power
    21 | D        | Reached skill level 4 in Fighting
    21 | D        | Reached XP level 2. HP: 18/25 MP: 2/2
   101 | D        | Noticed an orc wizard
   101 | D        | Noticed a worker ant
   111 | D        | Killed an orc wizard
   111 | D        | Reached skill level 5 in Maces & Flails
   111 | D        | Reached XP level 3. HP: 17/32 MP: 3/3
   126 | D        | Killed a worker ant
   126 | D        | Reached skill level 5 in Fighting
   126 | D        | Reached skill level 6 in Maces & Flails
   126 | D        | Reached XP level 4. HP: 34/39 MP: 4/4
   128 | D        | Acquired Trog's third power
   135 | D        | Found a glowing silver altar of Zin.
   135 | D        | Found a glowing golden altar of the Shining One.
   135 | D        | Found an ancient bone altar of Kikubaaqudgha.
   135 | D        | Found a basalt altar of Yredelemnul.
   135 | D        | Found a shimmering altar of Xom.
   135 | D        | Found a radiant altar of Vehumet.
   136 | D        | Found an iron altar of Okawaru.
   137 | D        | Found a burning altar of Makhleb.
   138 | D        | Found a deep blue altar of Sif Muna.
   139 | D        | Found a bloodstained altar of Trog.
   140 | D        | Found a sparkling altar of Nemelex Xobeh.
   141 | D        | Found a white marble altar of Elyvilon.
   142 | D        | Found a roughly hewn altar of Beogh.
   143 | D        | Found a viscous altar of Jiyva.
   144 | D        | Found a corrupted altar of Lugonu.
   145 | D        | Found a blossoming altar of Fedhas.
   146 | D        | Found a snail-covered altar of Cheibriados.
   147 | D        | Found a shadowy altar of Dithmenos.
   148 | D        | Found a stormy altar of Qazlal.
   149 | D        | Found an opulent altar of Gozag.
   150 | D        | Found a sacrificial altar of Ru.
   196 | D        | Noticed a wight
   196 | D        | Noticed a worker ant
   197 | D        | Killed a worker ant
   205 | D        | Killed a wight
   205 | D        | Reached skill level 7 in Maces & Flails
   205 | D        | Reached XP level 5. HP: 40/47 MP: 5/5
   250 | D        | Noticed an orc warrior
   250 | D        | Noticed a cyclops
   250 | D        | Noticed a cyclops
   250 | D        | Noticed a two-headed ogre
   250 | D        | Noticed a crocodile
   250 | D        | Noticed a hill giant
   252 | D        | Killed an orc warrior
   252 | D        | Reached skill level 9 in Maces & Flails
   252 | D        | Reached XP level 6. HP: 35/56 MP: 6/6
   255 | D        | Killed a cyclops
   255 | D        | Received a gift from Trog
   255 | D        | Reached skill level 10 in Fighting
   255 | D        | Reached skill level 11 in Maces & Flails
   255 | D        | Reached skill level 5 in Armour
   255 | D        | Reached XP level 7. HP: 35/66 MP: 6/8
   256 | D        | Killed a two-headed ogre
   256 | D        | Reached skill level 12 in Maces & Flails
   256 | D        | Reached XP level 8. HP: 38/74 MP: 6/9
   257 | D        | Killed a cyclops
   257 | D        | Reached skill level 13 in Maces & Flails
   285 | D        | HP: 1/75 [hill giant/giant spiked club (18)]
   332 | D        | Killed a hill giant
   332 | D        | Reached skill level 14 in Maces & Flails
   332 | D        | Reached XP level 9. HP: 32/82 MP: 11/11
   334 | D        | Killed a crocodile
   535 | D        | Noticed Sonja
   542 | D        | Killed Sonja
   542 | D        | Received a gift from Trog
   542 | D        | Reached skill level 15 in Maces & Flails
   542 | D        | Reached skill level 1 in Stealth
   713 | D        | Noticed a giant frog
   713 | D        | Noticed a seven-headed hydra
   713 | D        | Noticed a crocodile
   713 | D        | Noticed a porcupine
   713 | D        | Noticed a blink frog
   713 | D        | Noticed an iguana
   714 | D        | Killed a giant frog
   715 | D        | Killed a crocodile
   746 | D        | Killed a seven-headed hydra
   746 | D        | Reached skill level 5 in Evocations
   746 | D        | Reached XP level 10. HP: 41/92 MP: 13/13
   748 | D        | Killed a porcupine
   751 | D        | Killed an iguana
   753 | D        | Killed a blink frog
   753 | D        | Received a gift from Trog
   753 | D        | Reached skill level 16 in Maces & Flails
   822 | D        | Noticed a spiny frog
   823 | D        | Noticed a hippogriff
   825 | D        | Killed a spiny frog
   829 | D        | Killed a hippogriff
   946 | D        | Noticed a black mamba
   946 | D        | Noticed a water moccasin
   946 | D        | Noticed a water moccasin
   946 | D        | Noticed an elephant
   946 | D        | Noticed a death yak
   946 | D        | Noticed a yak
   949 | D        | Killed a black mamba
   950 | D        | Noticed a crocodile
   952 | D        | Killed a water moccasin
   953 | D        | Noticed an elephant
   953 | D        | Killed a water moccasin
   960 | D        | Killed a death yak
   960 | D        | Reached skill level 17 in Maces & Flails
   961 | D        | Noticed a komodo dragon
   962 | D        | Killed an elephant
   962 | D        | Received a gift from Trog
   965 | D        | Killed a yak
   968 | D        | Killed a crocodile
   968 | D        | Reached XP level 11. HP: 56/100 MP: 15/15
   971 | D        | Killed an elephant
   973 | D        | Killed a komodo dragon
  1151 | D        | Noticed a blink frog
  1151 | D        | Noticed a giant frog
  1151 | D        | Noticed a blink frog
  1151 | D        | Noticed a vampire mosquito
  1151 | D        | Noticed a spiny frog
  1151 | D        | Noticed a blink frog
  1152 | D        | Killed a giant frog
  1153 | D        | Noticed a giant frog
  1155 | D        | Noticed a giant frog
  1156 | D        | Killed a blink frog
  1156 | D        | Received a gift from Trog
  1156 | D        | Reached skill level 18 in Maces & Flails
  1158 | D        | Killed a blink frog
  1159 | D        | Killed a vampire mosquito
  1162 | D        | Killed a spiny frog
  1164 | D        | Killed a giant frog
  1164 | D        | Reached skill level 10 in Armour
  1166 | D        | Killed a giant frog
  1179 | D        | Killed a blink frog
  1493 | D        | Noticed an orc wizard
  1493 | D        | Noticed an orc warrior
  1494 | D        | Killed an orc wizard
  1494 | D        | Received a gift from Trog
  1497 | D        | Killed an orc warrior
  1502 | D        | Noticed an orc warrior
  1505 | D        | Noticed an orc wizard
  1509 | D        | Killed an orc warrior
  1509 | D        | Received a gift from Trog
  1511 | D        | Noticed an orc wizard
  1511 | D        | Killed an orc wizard
  1516 | D        | Killed an orc wizard
  1546 | D        | Noticed an orc high priest
  1546 | D        | Noticed an orc warrior
  1546 | D        | Noticed an orc warrior
  1546 | D        | Noticed an orc warrior
  1546 | D        | Noticed an orc warrior
  1546 | D        | Noticed an orc warrior
  1547 | D        | Noticed an orc wizard
  1550 | D        | Killed an orc high priest
  1551 | D        | Noticed an orc warrior
  1553 | D        | Killed an orc warrior
  1561 | D        | Killed an orc warrior
  1561 | D        | Received a gift from Trog
  1562 | D        | Noticed an orc warrior
  1563 | D        | Killed an orc warrior
  1566 | D        | Killed an orc warrior
  1566 | D        | Reached skill level 19 in Maces & Flails
  1568 | D        | Killed an orc warrior
  1569 | D        | Noticed an orc warrior
  1572 | D        | Killed an orc warrior
  1574 | D        | Killed an orc warrior
  1575 | D        | Killed an orc wizard
  1575 | D        | Received a gift from Trog
  1581 | D        | Killed an orc warrior
  1581 | D        | Reached skill level 15 in Fighting
  1955 | D        | Found Muitunka's General Store.
  1955 | D        | Noticed an ogre mage
  1955 | D        | Noticed a two-headed ogre
  1955 | D        | Noticed an ogre
  1955 | D        | Noticed an ogre
  1955 | D        | Noticed a two-headed ogre
  1956 | D        | Noticed an ogre
  1956 | D        | Killed an ogre
  1957 | D        | Killed a two-headed ogre
  1958 | D        | Noticed an ogre mage
  1960 | D        | Killed an ogre mage
  1960 | D        | Received a gift from Trog
  1961 | D        | Found War Zoev's Jewellery Shoppe.
  1964 | D        | Killed a two-headed ogre
  1965 | D        | Killed an ogre
  1970 | D        | Noticed an ogre mage
  1971 | D        | Killed an ogre
  1975 | D        | Found Vupag's Gadget Emporium.
  1979 | D        | Noticed an ogre mage
  1979 | D        | Killed an ogre mage
  1979 | D        | Reached skill level 20 in Maces & Flails
  1983 | D        | Killed an ogre mage
  1983 | D        | Received a gift from Trog
  1983 | D        | Reached XP level 12. HP: 84/110 MP: 5/17
  1983 | D        | Noticed an ogre mage
  1984 | D        | Found Cisoq's Antique Armour Shoppe.
  1986 | D        | Noticed a two-headed ogre
  1989 | D        | Killed an ogre mage
  1997 | D        | Killed an ogre mage
  2004 | D        | Killed a two-headed ogre
  2017 | D        | Got a bloodstained morningstar {god gift}
  2018 | D        | Identified the +3 morningstar "Pudixotz" {crush, MR++} (Trog gifted it to you in the Dungeon)
  2249 | D        | Bought a scroll of fear for 49 gold pieces
  2249 | D        | Bought a scroll of identify for 28 gold pieces
  2249 | D        | Bought a potion of curing for 42 gold pieces
  2252 | D        | Noticed a two-headed ogre
  2253 | D        | Noticed a two-headed ogre
  2258 | D        | Killed a two-headed ogre
  2261 | D        | Killed a two-headed ogre
  2261 | D        | Reached skill level 21 in Maces & Flails
  2262 | D        | Bought an embroidered cloak for 130 gold pieces
  2295 | D        | Bought a bloodstained plate armour for 812 gold pieces
  2305 | D        | Identified the +8 plate armour of Darkness {+Inv rElec rPois MR++} (You bought it in a shop in the Dungeon)
  2313 | D        | Bought the amulet of Yhin {rPois Regen+} for 453 gold pieces
  2345 | D        | Noticed Erica
  2358 | D        | Killed Erica
  2358 | D        | Received a gift from Trog
  2543 | D        | Noticed a griffon
  2543 | D        | Noticed a wyvern
  2543 | D        | Noticed a vampire
  2543 | D        | Noticed a kobold demonologist
  2543 | D        | Noticed a cyclops
  2543 | D        | Noticed a yaktaur
  2546 | D        | Killed a griffon
  2546 | D        | Reached skill level 1 in Shields
  2547 | D        | Killed a wyvern
  2548 | D        | Noticed a wizard
  2549 | D        | Killed a vampire
  2549 | D        | Received a gift from Trog
  2551 | D        | Noticed a gargoyle
  2553 | D        | Noticed an ice dragon
  2554 | D        | Gained mutation: Your magical capacity is low (-10% MP). [a neqoxec]
  2556 | D        | Killed a kobold demonologist
  2557 | D        | Noticed a tengu warrior
  2562 | D        | Noticed a wizard
  2562 | D        | Killed a cyclops
  2564 | D        | Noticed a yaktaur captain
  2566 | D        | Killed a yaktaur
  2573 | D        | Noticed a stone giant
  2582 | D        | Killed an ice dragon
  2587 | D        | Noticed a vampire mage
  2588 | D        | Killed a wizard
  2588 | D        | Received a gift from Trog
  2588 | D        | Reached skill level 22 in Maces & Flails
  2590 | D        | Killed a gargoyle
  2596 | D        | Killed a tengu warrior
  2601 | D        | Killed a wizard
  2608 | D        | Killed a yaktaur captain
  2608 | D        | Received a gift from Trog
  2608 | D        | Reached skill level 5 in Shields
  2608 | D        | Reached XP level 13. HP: 70/118 MP: 16/16
  2615 | D        | Killed a stone giant
  2640 | D        | Killed a vampire mage
  2841 | D        | Noticed a naga mage
  2841 | D        | Noticed a shock serpent
  2841 | D        | Noticed a naga sharpshooter
  2841 | D        | Noticed an anaconda
  2841 | D        | Noticed a naga
  2841 | D        | Noticed an anaconda
  2844 | D        | Noticed a black mamba
  2845 | D        | Killed a naga mage
  2849 | D        | Noticed a salamander
  2851 | D        | Killed a shock serpent
  2852 | D        | Noticed a naga ritualist
  2854 | D        | Killed a naga sharpshooter
  2854 | D        | Received a gift from Trog
  2859 | D        | Killed an anaconda
  2859 | D        | Reached skill level 23 in Maces & Flails
  2864 | D        | Killed an anaconda
  2866 | D        | Killed a naga
  2874 | D        | Killed a black mamba
  2878 | D        | Killed a salamander
  2884 | D        | Killed a naga ritualist
  2884 | D        | Received a gift from Trog
  2887 | D        | Got a scorched great mace {god gift}
  2888 | D        | Identified the +11 great mace of Crawling {speed, rF+ Dex+9} (Trog gifted it to you in the Dungeon)
  2975 | D        | Noticed a water nymph
  2975 | D        | Noticed a siren
  2975 | D        | Noticed a merfolk
  2975 | D        | Noticed a harpy
  2975 | D        | Noticed a manticore
  2976 | D        | Noticed a griffon
  2979 | D        | Killed a water nymph
  2980 | D        | Noticed an alligator snapping turtle
  2981 | D        | Noticed a water nymph
  2982 | D        | Killed a siren
  2991 | D        | Killed a merfolk
  2991 | D        | Reached skill level 10 in Shields
  2992 | D        | Killed a harpy
  2994 | D        | Killed a manticore
  2998 | D        | Killed a griffon
  3015 | D        | Killed an alligator snapping turtle
  3019 | D        | Killed a water nymph
  3019 | D        | Received a gift from Trog
  3148 | D        | Noticed a bog body
  3148 | D        | Noticed a bog body
  3148 | D        | Noticed a spiny frog
  3149 | D        | Noticed a thorn hunter
  3150 | D        | Killed a bog body
  3152 | D        | Killed a bog body
  3154 | D        | Noticed a spriggan druid
  3155 | D        | Noticed an eight-headed hydra
  3167 | D        | Killed a thorn hunter
  3167 | D        | Reached skill level 24 in Maces & Flails
  3169 | D        | Killed a spiny frog
  3176 | D        | Killed a spriggan druid
  3178 | D        | Killed an eight-headed hydra
  3178 | D        | Received a gift from Trog
  3230 | D        | Noticed a tarantella
  3230 | D        | Noticed a spider
  3230 | D        | Noticed a demonic crawler
  3230 | D        | Noticed an orb spider
  3230 | D        | Noticed an orb spider
  3230 | D        | Noticed a trapdoor spider
  3233 | D        | Killed a tarantella
  3234 | D        | Noticed a jumping spider
  3236 | D        | Killed a spider
  3239 | D        | Killed a demonic crawler
  3240 | D        | Noticed an emperor scorpion
  3241 | D        | Noticed a tarantella
  3246 | D        | Killed an orb spider
  3246 | D        | Reached XP level 14. HP: 127/129 MP: 17/17
  3248 | D        | Killed a jumping spider
  3252 | D        | Killed an orb spider
  3252 | D        | Received a gift from Trog
  3261 | D        | Killed an emperor scorpion
  3263 | D        | Killed a tarantella
  3271 | D        | Killed a trapdoor spider
  3374 | D        | Noticed a frost giant
  3374 | D        | Noticed an ice dragon
  3374 | D        | Noticed a yaktaur
  3374 | D        | Noticed an entropy weaver
  3374 | D        | Noticed a fire dragon
  3374 | D        | Noticed a frost giant
  3378 | D        | Noticed a spriggan berserker
  3381 | D        | Killed a frost giant
  3389 | D        | Killed an ice dragon
  3389 | D        | Received a gift from Trog
  3389 | D        | Reached skill level 25 in Maces & Flails
  3409 | D        | Killed a yaktaur
  3414 | D        | Killed an entropy weaver
  3424 | D        | Killed a fire dragon
  3551 | D        | Killed a frost giant
  3551 | D        | Received a gift from Trog
  3628 | D        | Killed a spriggan berserker
  3650 | D        | Noticed a deep troll earth mage
  3651 | D        | Noticed a fire dragon
  3653 | D        | Killed a deep troll earth mage
  3655 | D        | Noticed a fire giant
  3662 | D        | Killed a fire dragon
  3663 | D        | Noticed a fire dragon
  3670 | D        | Killed a fire giant
  3670 | D        | Received a gift from Trog
  3683 | D        | Killed a fire dragon
  3683 | D        | Reached skill level 26 in Maces & Flails
  3749 | D        | Noticed a great orb of eyes
  3750 | D        | Noticed a slime creature
  3751 | D        | Noticed a sea snake
  3751 | D        | a sea snake changed into a slime creature
  3752 | D        | Noticed a tengu conjurer
  3753 | D        | Noticed a fire giant
  3756 | D        | Noticed a great orb of eyes
  3758 | D        | Killed a great orb of eyes
  3763 | D        | Killed a slime creature
  3772 | D        | Killed a fire giant
  3774 | D        | Killed a great orb of eyes
  3783 | D        | Killed a tengu conjurer
  3783 | D        | Received a gift from Trog
  4525 | D        | Fell from the grace of Trog
  4525 | D        | Became a worshipper of the Shining One
  5213 | D        | Noticed an ironheart preserver
  5213 | D        | Noticed a slime creature
  5213 | D        | Noticed a purple ugly thing
  5213 | D        | Acquired the Shining One's first power
  5213 | D        | Noticed an orc knight
  5213 | D        | Noticed a yaktaur captain
  5213 | D        | Noticed a hill giant
  5219 | D        | Killed an ironheart preserver
  5221 | D        | Noticed a white ugly thing
  5221 | D        | Acquired the Shining One's second power
  5224 | D        | Killed a slime creature
  5227 | D        | Killed a purple ugly thing
  5228 | D        | Noticed a wraith
  5235 | D        | Killed an orc knight
  5237 | D        | Noticed a vault warden
  5240 | D        | Killed a yaktaur captain
  5241 | D        | Noticed a cyclops
  5243 | D        | Noticed an orc knight
  5246 | D        | Killed a hill giant
  5248 | D        | Killed a white ugly thing
  5249 | D        | Noticed a harpy
  5251 | D        | Reached skill level 27 in Maces & Flails
  5251 | D        | Reached XP level 15. HP: 139/139 MP: 18/18
  5252 | D        | Noticed a salamander stormcaller
  5253 | D        | Noticed a fire dragon
  5256 | D        | Killed a vault warden
  5257 | D        | Killed a wraith
  5260 | D        | Killed a cyclops
  5263 | D        | Noticed an ironheart preserver
  5263 | D        | Acquired the Shining One's third power
  5268 | D        | Killed an orc knight
  5279 | D        | Killed a harpy
  5280 | D        | Noticed an ironbrand convoker
  5281 | D        | Noticed a fire giant
  5287 | D        | Killed a salamander stormcaller
  5287 | D        | Killed an ironheart preserver
  5294 | D        | Noticed an orc knight
  5296 | D        | Killed a fire dragon
  5299 | D        | Killed an ironbrand convoker
  5302 | D        | Noticed a fire giant
  5305 | D        | Killed a fire giant
  5305 | D        | Reached skill level 5 in Stealth
  5306 | D        | Killed an orc knight
  5309 | D        | Noticed a frost giant
  5335 | D        | Killed a fire giant
  5335 | D        | Reached skill level 15 in Shields
  5335 | D        | Reached skill level 1 in Invocations
  5341 | D        | Killed a frost giant
  5841 | D        | Noticed a naga mage
  5841 | D        | Noticed a naga mage
  5841 | D        | Noticed a naga
  5841 | D        | Noticed a guardian serpent
  5841 | D        | Noticed a guardian serpent
  5841 | D        | Noticed a naga
  5842 | D        | Noticed a greater naga
  5842 | D        | Acquired the Shining One's fourth power
  5843 | D        | Killed a naga mage
  5844 | D        | Noticed a greater naga
  5848 | D        | Killed a naga mage
  5856 | D        | Killed a greater naga
  5857 | D        | Noticed a greater naga
  5860 | D        | Killed a naga
  5862 | D        | Noticed a naga
  5862 | D        | Killed a naga
  5864 | D        | Noticed a naga mage
  5869 | D        | Killed a greater naga
  5869 | D        | Reached skill level 15 in Armour
  5870 | D        | Noticed a naga warrior
  5870 | D        | Killed a naga mage
  5874 | D        | Killed a guardian serpent
  5878 | D        | Killed a guardian serpent
  5884 | D        | Killed a greater naga
  5886 | D        | Killed a naga
  5887 | D        | Noticed a naga
  5891 | D        | Killed a naga warrior
  5896 | D        | Killed a naga
  5943 | D        | Noticed a wolf spider
  5943 | D        | Noticed an emperor scorpion
  5943 | D        | Noticed a wolf spider
  5943 | D        | Noticed an emperor scorpion
  5943 | D        | Noticed a wolf spider
  5943 | D        | Noticed a redback
  5948 | D        | Noticed a moth of wrath
  5948 | D        | Killed a wolf spider
  5958 | D        | Noticed a demonic crawler
  5958 | D        | Killed an emperor scorpion
  5960 | D        | Killed a wolf spider
  5974 | D        | Killed an emperor scorpion
  5978 | D        | Killed a wolf spider
  5980 | D        | Killed a redback
  5982 | D        | Killed a moth of wrath
  5983 | D        | Killed a demonic crawler
  5984 | D        | Noticed a moth of wrath
  5985 | D        | Noticed a ghost moth
  5986 | D        | Noticed a jumping spider
  5987 | D        | Noticed an emperor scorpion
  5988 | D        | Killed a moth of wrath
  5992 | D        | Killed a ghost moth
  5993 | D        | Noticed an emperor scorpion
  5999 | D        | Killed an emperor scorpion
  6002 | D        | Killed a jumping spider
  6010 | D        | Killed an emperor scorpion
  6014 | D        | Got a gossamer rune of Zot
  6117 | D        | Noticed a merfolk impaler
  6117 | D        | Noticed a merfolk avatar
  6117 | D        | Noticed a merfolk aquamancer
  6117 | D        | Noticed a merfolk
  6117 | D        | Noticed a merfolk avatar
  6117 | D        | Noticed a merfolk impaler
  6118 | D        | Noticed Ilsuiw
  6122 | D        | Killed a merfolk impaler
  6129 | D        | Killed a merfolk aquamancer
  6129 | D        | Reached skill level 5 in Invocations
  6129 | D        | Reached XP level 16. HP: 154/154 MP: 19/19
  6133 | D        | Noticed a merfolk aquamancer
  6134 | D        | Killed a merfolk avatar
  6135 | D        | Noticed a merfolk impaler
  6136 | D        | Noticed a merfolk aquamancer
  6139 | D        | Killed a merfolk avatar
  6140 | D        | Noticed a merfolk aquamancer
  6146 | D        | Killed Ilsuiw
  6150 | D        | Noticed a merfolk impaler
  6151 | D        | Killed a merfolk aquamancer
  6154 | D        | Noticed a merfolk impaler
  6156 | D        | Killed a merfolk aquamancer
  6163 | D        | Killed a merfolk aquamancer
  6168 | D        | Killed a merfolk impaler
  6180 | D        | Killed a merfolk impaler
  6183 | D        | Killed a merfolk impaler
  6190 | D        | Killed a merfolk impaler
  6196 | D        | Killed a merfolk
  6198 | D        | Got a barnacled rune of Zot
  6216 | D        | Noticed a swamp dragon
  6216 | D        | Noticed a swamp dragon
  6216 | D        | Noticed an eight-headed hydra
  6216 | D        | Noticed a swamp drake
  6216 | D        | Noticed a swamp dragon
  6216 | D        | Noticed a six-headed hydra
  6219 | D        | Killed a swamp dragon
  6222 | D        | Killed a swamp dragon
  6225 | D        | Noticed an insubstantial wisp
  6226 | D        | Killed an eight-headed hydra
  6227 | D        | Noticed a swamp dragon
  6228 | D        | Killed a swamp drake
  6229 | D        | Noticed a swamp dragon
  6230 | D        | Noticed a swamp dragon
  6232 | D        | Killed a swamp dragon
  6233 | D        | Noticed a swamp dragon
  6235 | D        | Killed a six-headed hydra
  6236 | D        | Noticed a five-headed hydra
  6237 | D        | Killed an insubstantial wisp
  6241 | D        | Killed a swamp dragon
  6245 | D        | Killed a swamp dragon
  6250 | D        | Killed a swamp dragon
  6258 | D        | Killed a swamp dragon
  6262 | D        | Killed a five-headed hydra
  6270 | D        | Noticed a six-headed hydra
  6273 | D        | Killed a six-headed hydra
  6276 | D        | Got a decaying rune of Zot
  6378 | D        | Noticed a vault guard
  6378 | D        | Noticed a vault guard
  6378 | D        | Noticed a vault guard
  6378 | D        | Noticed a vault guard
  6378 | D        | Noticed a vault guard
  6378 | D        | Noticed a vault guard
  6382 | D        | Killed a vault guard
  6382 | D        | Reached skill level 10 in Invocations
  6383 | D        | Noticed a vault guard
  6385 | D        | Noticed a vault guard
  6385 | D        | Killed a vault guard
  6387 | D        | Noticed a vault guard
  6395 | D        | Killed a vault guard
  6396 | D        | Noticed a vault guard
  6399 | D        | Killed a vault guard
  6404 | D        | Killed a vault guard
  6406 | D        | Noticed a vault guard
  6409 | D        | Noticed a vault guard
  6409 | D        | Killed a vault guard
  6410 | D        | Noticed a vault guard
  6414 | D        | Killed a vault guard
  6415 | D        | Noticed a vault guard
  6422 | D        | Killed a vault guard
  6426 | D        | Killed a vault guard
  6431 | D        | Killed a vault guard
  6434 | D        | Noticed a vault guard
  6435 | D        | Killed a vault guard
  6437 | D        | Killed a vault guard
  6438 | D        | Noticed a vault guard
  6439 | D        | Noticed a vault guard
  6443 | D        | Killed a vault guard
  6449 | D        | Killed a vault guard
  6453 | D        | Killed a vault guard
  6462 | D        | Killed a vault guard
  6466 | D        | Noticed a vault guard
  6466 | D        | Killed a vault guard
  6468 | D        | Noticed a vault guard
  6469 | D        | Noticed a vault guard
  6471 | D        | Noticed a vault guard
  6472 | D        | Killed a vault guard
  6474 | D        | Killed a vault guard
  6475 | D        | Noticed a vault guard
  6476 | D        | Noticed a vault guard
  6477 | D        | Noticed a vault guard
  6478 | D        | Killed a vault guard
  6486 | D        | Killed a vault guard
  6487 | D        | Noticed a vault guard
  6491 | D        | Killed a vault guard
  6491 | D        | Reached XP level 17. HP: 163/167 MP: 24/24
  6497 | D        | Killed a vault guard
  6502 | D        | Killed a vault guard
  6505 | D        | Killed a vault guard
  6547 | D        | Noticed an ironbrand convoker
  6547 | D        | Noticed an ogre mage
  6547 | D        | Noticed a yaktaur captain
  6547 | D        | Noticed an orc knight
  6547 | D        | Noticed a vault warden
  6547 | D        | Noticed an ancient lich
  6548 | D        | Killed an ironbrand convoker
  6549 | D        | Noticed a shadow wraith
  6551 | D        | Killed an ogre mage
  6552 | D        | Noticed a fire dragon
  6554 | D        | Killed a yaktaur captain
  6557 | D        | Noticed a boulder beetle
  6561 | D        | Killed an orc knight
  6569 | D        | Killed an ancient lich
  6573 | D        | Noticed an ironheart preserver
  6578 | D        | Killed a vault warden
  6579 | D        | Noticed a frost giant
  6580 | D        | Noticed a shadow dragon
  6581 | D        | Killed a shadow wraith
  6582 | D        | Noticed a boulder beetle
  6584 | D        | Killed a fire dragon
  6596 | D        | Killed a boulder beetle
  6597 | D        | Noticed a shadow dragon
  6601 | D        | Killed an ironheart preserver
  6604 | D        | Noticed a harpy
  6604 | D        | Killed a frost giant
  6604 | D        | Reached skill level 15 in Invocations
  6605 | D        | Noticed a war gargoyle
  6606 | D        | Killed a shadow dragon
  6607 | D        | Noticed a deep elf knight
  6617 | D        | Killed a shadow dragon
  6623 | D        | Killed a boulder beetle
  6625 | D        | Killed a harpy
  6629 | D        | Killed a war gargoyle
  6632 | D        | Killed a deep elf knight
  6662 | D        | Noticed a vault warden
  6662 | D        | Noticed a shadow dragon
  6662 | D        | Noticed a lich
  6662 | D        | Noticed a golden dragon
  6662 | D        | Noticed a shadow dragon
  6662 | D        | Noticed a shadow dragon
  6663 | D        | Noticed a titan
  6670 | D        | Killed a vault warden
  6671 | D        | Noticed a golden dragon
  6678 | D        | Killed a shadow dragon
  6687 | D        | Killed a lich
  6687 | D        | Noticed a shadow dragon
  6696 | D        | Killed a golden dragon
  6703 | D        | Killed a shadow dragon
  6703 | D        | Reached skill level 27 in Shields
  6713 | D        | Killed a shadow dragon
  6713 | D        | Reached skill level 27 in Fighting
  6720 | D        | Killed a titan
  6725 | D        | Killed a golden dragon
  6733 | D        | Killed a shadow dragon
  6740 | D        | Got a silver rune of Zot
  6848 | D        | Got the ring "Xijuorgh" {rElec rF+ MR++ MP+9 Int-2}
  6850 | D        | Got the amulet of Nytsa {Stasis *Confuse rN+++ MP-9}
  6852 | D        | Got the ring of Cheibriados's Envy {*Contam MR- EV+3 Str+5 SInv}
  6854 | D        | Got the ring "Biunnuqu" {+Inv rF+ SInv}
  6856 | D        | Got the ring of Kiaczasu {rC+ Str+3 Dex+2 SInv}
  6876 | D        | Got the +0 cloak of the Cooper {rF+}
  6979 | D        | Noticed Jory
  6990 | D        | Killed Jory
  6990 | D        | Reached XP level 18. HP: 182/182 MP: 27/28
  7008 | D        | Noticed Mennas
  7009 | D        | Noticed Mara
  7010 | D        | Noticed Norris
  7011 | D        | Noticed Xtahua
  7012 | D        | Noticed a hell knight
  7026 | D        | Noticed a hell knight
  7028 | D        | Killed Mennas
  7038 | D        | Killed Mara
  7039 | D        | Noticed Margery
  7041 | D        | Noticed a hell knight
  7043 | D        | Noticed Frederick
  7048 | D        | Killed Norris
  7048 | D        | Reached skill level 5 in Dodging
  7050 | D        | Killed Xtahua
  7052 | D        | Killed a hell knight
  7053 | D        | Noticed Nikola
  7058 | D        | Killed Mara
  7061 | D        | Noticed a hell knight
  7065 | D        | Killed Margery
  7070 | D        | Noticed Boris
  7072 | D        | Killed Frederick
  7072 | D        | Killed a hell knight
  7073 | D        | Noticed Louise
  7073 | D        | Killed a hell knight
  7078 | D        | Killed Nikola
  7083 | D        | Killed Boris
  7091 | D        | Killed Louise
  7094 | D        | Killed a hell knight
  7147 | D        | Noticed a salamander stormcaller
  7147 | D        | Noticed a manticore
  7147 | D        | Noticed a hill giant
  7147 | D        | Noticed a gargoyle
  7147 | D        | Noticed an eye of draining
  7148 | D        | Noticed a cyclops
  7149 | D        | Noticed a hill giant
  7149 | D        | Killed a salamander stormcaller
  7152 | D        | Noticed a centaur warrior
  7152 | D        | Killed a manticore
  7156 | D        | Killed a hill giant
  7158 | D        | Killed a gargoyle
  7163 | D        | Killed an eye of draining
  7167 | D        | Killed a hill giant
  7172 | D        | Killed a cyclops
  7176 | D        | Killed a centaur warrior
  7181 | D        | Noticed an ice dragon
  7181 | D        | Noticed a storm dragon
  7181 | D        | Noticed a green draconian
  7181 | D        | Noticed a mottled dragon
  7181 | D        | Noticed a storm dragon
  7181 | D        | Noticed a golden dragon
  7186 | D        | Killed an ice dragon
  7187 | D        | Noticed a yellow draconian
  7193 | D        | Noticed a black draconian
  7193 | D        | Killed a storm dragon
  7194 | D        | Noticed a green draconian
  7199 | D        | Killed a green draconian
  7200 | D        | Noticed an ice dragon
  7204 | D        | Killed a golden dragon
  7204 | D        | Reached skill level 10 in Dodging
  7204 | D        | Reached skill level 27 in Invocations
  7205 | D        | Noticed a fire dragon
  7208 | D        | Killed a storm dragon
  7208 | D        | Reached XP level 19. HP: 155/189 MP: 26/32
  7211 | D        | Killed a mottled dragon
  7214 | D        | Noticed a purple draconian
  7216 | D        | Killed a yellow draconian
  7224 | D        | Killed a black draconian
  7230 | D        | Killed a green draconian
  7234 | D        | Killed an ice dragon
  7237 | D        | Killed a fire dragon
  7245 | D        | Killed a purple draconian
  7283 | D        | Noticed a green draconian
  7283 | D        | Noticed a yellow draconian zealot
  7283 | D        | Noticed a red draconian
  7283 | D        | Noticed a tentacled monstrosity
  7283 | D        | Noticed a red draconian scorcher
  7283 | D        | Noticed a red draconian
  7292 | D        | Killed a green draconian
  7296 | D        | Killed a tentacled monstrosity
  7297 | D        | Noticed a storm dragon
  7309 | D        | Killed a yellow draconian zealot
  7316 | D        | Killed a red draconian
  7322 | D        | Killed a red draconian scorcher
  7331 | D        | Killed a red draconian
  7340 | D        | Killed a storm dragon
  7351 | D        | Noticed a black draconian scorcher
  7351 | D        | Noticed a green draconian zealot
  7351 | D        | Noticed a purple draconian
  7351 | D        | Noticed a black draconian monk
  7351 | D        | Noticed a death cob
  7351 | D        | Noticed a green draconian
  7353 | D        | Noticed a tentacled monstrosity
  7359 | D        | Killed a black draconian scorcher
  7368 | D        | Killed a green draconian zealot
  7369 | D        | Noticed an ice dragon
  7375 | D        | Killed a black draconian monk
  7386 | D        | Killed a tentacled monstrosity
  7391 | D        | Killed a purple draconian
  7395 | D        | Killed a death cob
  7402 | D        | Killed a green draconian
  7407 | D        | Killed an ice dragon
  7417 | D        | Noticed a white draconian
  7417 | D        | Noticed a white draconian
  7417 | D        | Noticed a white draconian
  7417 | D        | Noticed a mottled draconian annihilator
  7417 | D        | Noticed a green draconian
  7417 | D        | Noticed a red draconian shifter
  7418 | D        | Noticed a mottled draconian annihilator
  7421 | D        | Noticed a yellow draconian knight
  7421 | D        | Killed a red draconian shifter
  7430 | D        | Killed a white draconian
  7432 | D        | Killed a mottled draconian annihilator
  7432 | D        | Reached skill level 15 in Dodging
  7434 | D        | Noticed a moth of wrath
  7435 | D        | Killed a mottled draconian annihilator
  7439 | D        | Killed a white draconian
  7442 | D        | Killed a white draconian
  7450 | D        | Killed a yellow draconian knight
  7454 | D        | Killed a green draconian
  7459 | D        | Killed a moth of wrath
  7465 | D        | Noticed a black draconian
  7465 | D        | Noticed a red draconian zealot
  7465 | D        | Noticed a white draconian
  7465 | D        | Noticed a mottled draconian scorcher
  7465 | D        | Noticed a golden dragon
  7465 | D        | Noticed a tentacled monstrosity
  7466 | D        | Noticed a red draconian
  7469 | D        | Killed a black draconian
  7471 | D        | Killed a red draconian zealot
  7472 | D        | Noticed a death cob
  7475 | D        | Killed a white draconian
  7475 | D        | Reached skill level 27 in Armour
  7476 | D        | Noticed a mottled draconian
  7479 | D        | Killed a mottled draconian scorcher
  7482 | D        | Killed a golden dragon
  7487 | D        | Killed a tentacled monstrosity
  7491 | D        | Killed a red draconian
  7494 | D        | Killed a death cob
  7498 | D        | Killed a mottled draconian
  7624 | D        | Noticed an Orb Guardian
  7624 | D        | Noticed an Orb Guardian
  7624 | D        | Noticed an Orb Guardian
  7624 | D        | Noticed an Orb Guardian
  7624 | D        | Noticed an Orb Guardian
  7624 | D        | Noticed an Orb Guardian
  7629 | D        | Killed an Orb Guardian
  7631 | D        | Noticed an Orb Guardian
  7633 | D        | Killed an Orb Guardian
  7638 | D        | Killed an Orb Guardian
  7638 | D        | Reached XP level 20. HP: 197/197 MP: 31/33
  7640 | D        | Noticed an Orb Guardian
  7642 | D        | Killed an Orb Guardian
  7646 | D        | Noticed an Orb Guardian
  7646 | D        | Killed an Orb Guardian
  7651 | D        | Noticed an Orb Guardian
  7653 | D        | Killed an Orb Guardian
  7661 | D        | Killed an Orb Guardian
  7664 | D        | Killed an Orb Guardian
  7664 | D        | Reached skill level 10 in Evocations
  7667 | D        | Killed an Orb Guardian
  7668 | D        | Killed an Orb Guardian
  7677 | D        | Noticed a black draconian
  7677 | D        | Noticed a death cob
  7677 | D        | Noticed an Orb Guardian
  7677 | D        | Noticed an Orb Guardian
  7677 | D        | Noticed a death cob
  7677 | D        | Noticed a green draconian
  7682 | D        | Killed a black draconian
  7685 | D        | Noticed an Orb Guardian
  7687 | D        | Killed a death cob
  7689 | D        | Noticed an Orb Guardian
  7689 | D        | Killed an Orb Guardian
  7690 | D        | Killed an Orb Guardian
  7694 | D        | Killed a death cob
  7701 | D        | Killed a green draconian
  7702 | D        | Killed an Orb Guardian
  7707 | D        | Killed an Orb Guardian
  7714 | D        | Noticed an ancient lich
  7721 | D        | Killed an ancient lich
  7931 | D        | Noticed an orb of fire
  7931 | D        | Gained mutation: You are somewhat resistant to further mutation. [an orb of fire]
  7936 | D        | Killed an orb of fire
  7989 | D        | Noticed an electric golem
  8001 | D        | Killed an electric golem
  8008 | D        | Noticed a tentacled monstrosity
  8008 | D        | Noticed a tentacled monstrosity
  8008 | D        | Noticed an Orb Guardian
  8008 | D        | Noticed a shadow dragon
  8008 | D        | Noticed an ancient lich
  8008 | D        | Noticed an ancient lich
  8014 | D        | Killed a tentacled monstrosity
  8015 | D        | Noticed an orb of fire
  8021 | D        | Killed a tentacled monstrosity
  8022 | D        | Noticed a shadow dragon
  8023 | D        | Noticed a moth of wrath
  8030 | D        | Killed an ancient lich
  8030 | D        | Reached skill level 27 in Dodging
  8030 | D        | Reached skill level 15 in Evocations
  8031 | D        | Noticed a shadow dragon
  8036 | D        | Killed an ancient lich
  8043 | D        | Killed an orb of fire
  8043 | D        | Reached XP level 21. HP: 183/204 MP: 34/34
  8044 | D        | Noticed a moth of wrath
  8049 | D        | Noticed an electric golem
  8051 | D        | Killed an Orb Guardian
  8059 | D        | Killed a shadow dragon
  8061 | D        | Noticed an electric golem
  8066 | D        | Killed a shadow dragon
  8068 | D        | Noticed a golden dragon
  8073 | D        | Killed a shadow dragon
  8075 | D        | Killed a moth of wrath
  8079 | D        | Killed a moth of wrath
  8086 | D        | Killed a golden dragon
  8096 | D        | Killed an electric golem
  8107 | D        | Killed an electric golem
  8150 | D        | Noticed an Orb Guardian
  8150 | D        | Noticed an Orb Guardian
  8150 | D        | Noticed an Orb Guardian
  8150 | D        | Noticed an Orb Guardian
  8150 | D        | Noticed an Orb Guardian
  8150 | D        | Noticed an Orb Guardian
  8151 | D        | Killed an Orb Guardian
  8152 | D        | Noticed a moth of wrath
  8155 | D        | Killed an Orb Guardian
  8157 | D        | Killed an Orb Guardian
  8159 | D        | Killed an Orb Guardian
  8160 | D        | Noticed an Orb Guardian
  8162 | D        | Killed an Orb Guardian
  8168 | D        | Killed an Orb Guardian
  8168 | D        | Reached skill level 10 in Spellcasting
  8169 | D        | Noticed an Orb Guardian
  8172 | D        | Noticed an Orb Guardian
  8173 | D        | Killed an Orb Guardian
  8175 | D        | Killed a moth of wrath
  8183 | D        | Killed an Orb Guardian
  8187 | D        | Noticed an Orb Guardian
  8190 | D        | Killed an Orb Guardian
  8194 | D        | Killed an Orb Guardian
  8195 | D        | Noticed an Orb Guardian
  8196 | D        | Noticed a moth of wrath
  8197 | D        | Noticed an Orb Guardian
  8201 | D        | Killed an Orb Guardian
  8204 | D        | Killed an Orb Guardian
  8207 | D        | Killed a moth of wrath
  8316 | D        | Learned a level 3 spell: Tukima's Dance
  8318 | D        | Got the Orb of Zot
  8407 | D        | Noticed a vampire knight
  8407 | D        | Noticed a vampire knight
  8407 | D        | Noticed a vampire knight
  8407 | D        | Noticed a vampire knight
  8407 | D        | Noticed an ancient lich
  8407 | D        | Noticed a vampire knight
  8411 | D        | Noticed a vampire knight
  8412 | D        | Killed a vampire knight
  8414 | D        | Killed a vampire knight
  8416 | D        | Killed a vampire knight
  8419 | D        | Noticed a vampire knight
  8422 | D        | Killed an ancient lich
  8422 | D        | Reached skill level 27 in Evocations
  8427 | D        | Killed a vampire knight
  8430 | D        | Killed a vampire knight
  8432 | D        | Noticed an ancient lich
  8435 | D        | Killed a vampire knight
  8435 | D        | Reached skill level 1 in Hexes
  8436 | D        | Noticed a vampire knight
  8439 | D        | Killed a vampire knight
  8439 | D        | Reached skill level 1 in Unarmed Combat
  8440 | D        | Noticed a vampire knight
  8445 | D        | Killed an ancient lich
  8445 | D        | Reached skill level 1 in Throwing
  8445 | D        | Reached XP level 22. HP: 167/212 MP: 38/41
  8453 | D        | Killed a vampire knight
  8456 | D        | Killed a vampire knight
  8464 | D        | Noticed a spriggan baker
  8464 | D        | Noticed a spriggan baker
  8464 | D        | Noticed a spriggan baker
  8464 | D        | Noticed a spriggan baker
  8464 | D        | Noticed a spriggan baker
  8464 | D        | Noticed a spriggan baker
  8465 | D        | Killed a spriggan baker
  8467 | D        | Noticed a spriggan baker
  8469 | D        | Killed a spriggan baker
  8470 | D        | Noticed a spriggan baker
  8472 | D        | Killed a spriggan baker
  8473 | D        | Noticed a spriggan baker
  8476 | D        | Noticed a spriggan baker
  8476 | D        | Killed a spriggan baker
  8480 | D        | Killed a spriggan baker
  8482 | D        | Noticed a spriggan baker
  8482 | D        | Killed a spriggan baker
  8485 | D        | Killed a spriggan baker
  8487 | D        | Killed a spriggan baker
  8488 | D        | Killed a spriggan baker
  8492 | D        | Killed a spriggan baker
  8493 | D        | Killed a spriggan baker
  8503 | D        | Noticed a deep elf high priest
  8503 | D        | Noticed a deep elf sorcerer
  8503 | D        | Noticed a deep elf master archer
  8503 | D        | Noticed a deep elf sorcerer
  8503 | D        | Noticed a deep elf death mage
  8503 | D        | Noticed a deep elf blademaster
  8507 | D        | Noticed a deep elf blademaster
  8507 | D        | Killed a deep elf sorcerer
  8510 | D        | Killed a deep elf master archer
  8511 | D        | Noticed a deep elf sorcerer
  8515 | D        | Killed a deep elf high priest
  8516 | D        | Noticed a deep elf blademaster
  8517 | D        | Killed a deep elf blademaster
  8522 | D        | Killed a deep elf blademaster
  8523 | D        | Noticed a deep elf high priest
  8525 | D        | Noticed a deep elf death mage
  8527 | D        | Killed a deep elf death mage
  8532 | D        | Killed a deep elf blademaster
  8535 | D        | Killed a deep elf sorcerer
  8537 | D        | Noticed a deep elf annihilator
  8539 | D        | Noticed a deep elf master archer
  8539 | D        | Killed a deep elf sorcerer
  8541 | D        | Killed a ghostly deep elf sorcerer
  8548 | D        | Killed a deep elf death mage
  8551 | D        | Killed a deep elf annihilator
  8555 | D        | Killed a deep elf master archer
  8559 | D        | Killed a deep elf high priest
  8560 | D        | Noticed a deep elf high priest
  8564 | D        | Killed a deep elf high priest
  8570 | D        | Noticed an acid blob
  8570 | D        | Noticed a death ooze
  8570 | D        | Noticed an acid blob
  8570 | D        | Noticed a death ooze
  8574 | D        | Killed an acid blob
  8579 | D        | Killed an acid blob
  8581 | D        | Killed a death ooze
  8582 | D        | Noticed a death ooze
  8584 | D        | Killed a death ooze
  8585 | D        | Noticed an azure jelly
  8587 | D        | Noticed the royal jelly
  8589 | D        | Noticed an acid blob
  8594 | D        | Killed an azure jelly
  8594 | D        | Reached skill level 5 in Hexes
  8595 | D        | Noticed an acid blob
  8598 | D        | Killed a death ooze
  8599 | D        | Noticed an acid blob
  8601 | D        | Killed an acid blob
  8602 | D        | Noticed a death ooze
  8605 | D        | Noticed a death ooze
  8605 | D        | Killed an acid blob
  8608 | D        | Killed an acid blob
  8622 | D        | Killed the royal jelly
  8622 | D        | Reached skill level 10 in Stealth
  8622 | D        | Reached skill level 27 in Spellcasting
  8652 | D        | Killed a death ooze
  8655 | D        | Killed a death ooze
  8801 | D        | Noticed a golden eye
  8802 | D        | Noticed a golden eye
  8803 | D        | Noticed a golden eye
  8804 | D        | Killed a golden eye
  8806 | D        | Killed a golden eye
  8807 | D        | Noticed an azure jelly
  8808 | D        | Killed a golden eye
  8817 | D        | Killed an azure jelly
  8817 | D        | Reached skill level 10 in Hexes
  8821 | D        | Got a slimy rune of Zot
  8925 | D        | Noticed a sphinx
  8925 | D        | Noticed a sphinx
  8925 | D        | Noticed a sphinx
  8925 | D        | Noticed a sphinx
  8925 | D        | Noticed a sphinx
  8925 | D        | Noticed a sphinx
  8933 | D        | Killed a sphinx
  8938 | D        | Killed a sphinx
  8940 | D        | Noticed a sphinx
  8940 | D        | Killed a sphinx
  8941 | D        | Noticed a sphinx
  8942 | D        | Killed a sphinx
  8943 | D        | Noticed a sphinx
  8944 | D        | Noticed a sphinx
  8944 | D        | Killed a sphinx
  8947 | D        | Noticed a sphinx
  8948 | D        | Killed a sphinx
  8948 | D        | Reached skill level 10 in Throwing
  8948 | D        | Reached skill level 15 in Stealth
  8949 | D        | Noticed a sphinx
  8952 | D        | Killed a sphinx
  8954 | D        | Killed a sphinx
  8958 | D        | Killed a sphinx
  8965 | D        | Killed a sphinx
  8965 | D        | Reached XP level 23. HP: 134/219 MP: 48/48
  8968 | D        | Reached skill level 15 in Hexes
  8970 | D        | Killed a sphinx
  8973 | D        | Killed a sphinx
  9088 | D        | Noticed a guardian mummy
  9088 | D        | Noticed a guardian mummy
  9088 | D        | Noticed a guardian mummy
  9088 | D        | Noticed a guardian mummy
  9088 | D        | Noticed a guardian mummy
  9088 | D        | Noticed a guardian mummy
  9089 | D        | Killed a guardian mummy
  9090 | D        | Noticed a guardian mummy
  9093 | D        | Killed a guardian mummy
  9099 | D        | Killed a guardian mummy
  9100 | D        | Noticed a guardian mummy
  9101 | D        | Killed a guardian mummy
  9107 | D        | Noticed a mummy priest
  9107 | D        | Killed a guardian mummy
  9110 | D        | Killed a guardian mummy
  9112 | D        | Noticed a guardian mummy
  9117 | D        | Killed a guardian mummy
  9119 | D        | Killed a guardian mummy
  9123 | D        | Killed a mummy priest
  9127 | D        | Killed a guardian mummy
  9209 | D        | Noticed a guardian mummy
  9209 | D        | Noticed a guardian mummy
  9209 | D        | Noticed a guardian mummy
  9209 | D        | Noticed a guardian mummy
  9209 | D        | Noticed a mummy priest
  9209 | D        | Noticed a guardian mummy
  9210 | D        | Killed a guardian mummy
  9211 | D        | Noticed a guardian mummy
  9213 | D        | Killed a guardian mummy
  9217 | D        | Killed a guardian mummy
  9219 | D        | Noticed a guardian mummy
  9219 | D        | Killed a guardian mummy
  9221 | D        | Noticed a guardian mummy
  9224 | D        | Killed a mummy priest
  9226 | D        | Killed a guardian mummy
  9232 | D        | Killed a guardian mummy
  9234 | D        | Killed a guardian mummy
  9237 | D        | Killed a guardian mummy
  9306 | D        | Noticed a mummy priest
  9306 | D        | Noticed a greater mummy
  9306 | D        | Noticed a mummy priest
  9306 | D        | Noticed a greater mummy
  9306 | D        | Noticed a guardian mummy
  9306 | D        | Noticed a greater mummy
  9313 | D        | Killed a mummy priest
  9314 | D        | Noticed a mummy priest
  9321 | D        | Killed a greater mummy
  9323 | D        | Killed a mummy priest
  9324 | D        | Noticed a greater mummy
  9334 | D        | Noticed a greater mummy
  9340 | D        | Killed a greater mummy
  9351 | D        | Killed a guardian mummy
  9374 | D        | Killed a greater mummy
  9378 | D        | Killed a mummy priest
  9387 | D        | Killed a greater mummy
  9387 | D        | Reached skill level 15 in Throwing
  9395 | D        | Killed a greater mummy
  9398 | D        | Got a golden rune of Zot
  9549 | D        | Noticed a thrashing horror
  9549 | D        | Noticed a small abomination
  9549 | D        | Noticed a starcursed mass
  9549 | D        | Noticed a sixfirhy
  9549 | D        | Noticed a blink frog
  9549 | D        | Noticed a wandering mushroom
  9552 | D        | a blink frog changed into a polar bear
  9553 | D        | Killed a thrashing horror
  9554 | D        | Noticed a great orb of eyes
  9557 | D        | Killed a small abomination
  9558 | D        | Noticed a small abomination
  9559 | D        | Killed a starcursed mass
  9560 | D        | Noticed a thrashing horror
  9562 | D        | Killed a starcursed mass
  9563 | D        | Noticed a starcursed mass
  9565 | D        | Killed a sixfirhy
  9569 | D        | Noticed a chaos spawn
  9572 | D        | Killed a wandering mushroom
  9576 | D        | Killed a great orb of eyes
  9578 | D        | Killed a small abomination
  9579 | D        | Killed a thrashing horror
  9588 | D        | Killed a starcursed mass
  9590 | D        | Killed a chaos spawn
  9594 | D        | Got an abyssal rune of Zot
  9673 | D        | Noticed Xal Caeth the pandemonium lord
  9682 | D        | Killed Xal Caeth the pandemonium lord
  9745 | D        | Noticed Vautilai the pandemonium lord
  9756 | D        | Killed Vautilai the pandemonium lord
  9813 | D        | Noticed Geryon
  9826 | D        | Killed Geryon
  9828 | D        | Noticed Gloorx Vloq
  9828 | D        | Noticed Mnoleg
  9832 | D        | Noticed Asmodeus
  9843 | D        | Killed Gloorx Vloq
  9843 | D        | Reached XP level 24. HP: 134/223 MP: 42/48
  9856 | D        | Killed Mnoleg
  9856 | D        | Reached skill level 27 in Stealth
  9878 | D        | Killed Asmodeus
  9885 | D        | Got a dark rune of Zot
  9891 | D        | Noticed Lom Lobon
  9906 | D        | Noticed Antaeus
  9908 | D        | Noticed Dispater
  9915 | D        | Killed Lom Lobon
  9915 | D        | Reached skill level 27 in Hexes
 10239 | D        | Killed Antaeus
 10296 | D        | Killed Dispater
 10420 | D        | Got a glowing rune of Zot
 10424 | D        | Got an obsidian rune of Zot
 10426 | D        | Noticed Cerebov
 10430 | D        | Noticed Ereshkigal
 10465 | D        | Killed Cerebov
 10565 | D        | Killed Ereshkigal
 10565 | D        | Reached skill level 27 in Throwing
 10701 | D        | Got a magical rune of Zot
 10705 | D        | Got an icy rune of Zot
 10709 | D        | Got an iron rune of Zot
 10713 | D        | Got a fiery rune of Zot
 10717 | D        | Got a bone rune of Zot
 10849 | D        | Reached skill level 15 in Unarmed Combat
 10938 | D        | Reached XP level 25. HP: 234/234 MP: 48/48
 11125 | D        | Noticed Cagobuum the pandemonium lord
 11135 | D        | Killed Cagobuum the pandemonium lord
 11176 | D        | Got an elven rune of Zot
 11349 | D        | Noticed Powk the pandemonium lord
 11359 | D        | Killed Powk the pandemonium lord
 11385 | D        | Reached skill level 27 in Unarmed Combat
 11391 | D        | Noticed Kirroy the pandemonium lord
 11416 | D        | Killed Kirroy the pandemonium lord
 11691 | D        | Noticed Maytourr the pandemonium lord
 11701 | D        | Killed Maytourr the pandemonium lord
 11870 | D        | Was forgiven by Trog
 11955 | D        | Noticed a seraph
 11982 | D        | Killed a seraph
 11998 | D        | Reached XP level 26. HP: 195/242 MP: 48/48
 12114 | D        | Noticed Imixt the pandemonium lord
 12129 | D        | Killed Imixt the pandemonium lord
 12172 | D        | Noticed Daymu the pandemonium lord
 12179 | D        | Killed Daymu the pandemonium lord
 12189 | D        | Noticed Guret the pandemonium lord
 12201 | D        | Killed Guret the pandemonium lord
 12545 | D        | Noticed Joelier the pandemonium lord
 12552 | D        | Killed Joelier the pandemonium lord
 12626 | D        | Noticed Lennadao the pandemonium lord
 12641 | D        | Killed Lennadao the pandemonium lord
 12738 | D        | Noticed Bamacot the pandemonium lord
 12747 | D        | Killed Bamacot the pandemonium lord
 12769 | D        | Noticed Ujoeluer the pandemonium lord
 12780 | D        | Killed Ujoeluer the pandemonium lord
 13022 | D        | Noticed a seraph
 13054 | D        | Killed a seraph
 13167 | D        | Reached XP level 27. HP: 249/249 MP: 48/48
 13259 | D        | Noticed Qoipso the pandemonium lord
 13270 | D        | Killed Qoipso the pandemonium lord
 13310 | D        | Noticed Xaynt the pandemonium lord
 13327 | D        | Killed Xaynt the pandemonium lord
 13680 | D        | Noticed Taozorgh the pandemonium lord
 13694 | D        | Killed Taozorgh the pandemonium lord
 13718 | D        | Noticed Omoehoir the pandemonium lord
 13735 | D        | Killed Omoehoir the pandemonium lord
 13956 | D        | Noticed Kuomif the pandemonium lord
 13967 | D        | Killed Kuomif the pandemonium lord
 14302 | D        | Noticed Kasarchi the pandemonium lord
 14309 | D        | Killed Kasarchi the pandemonium lord
 14315 | D        | Noticed Laxubaty the pandemonium lord
 14325 | D        | Killed Laxubaty the pandemonium lord
 14719 | D        | Noticed a seraph
 14742 | D        | Killed a seraph
 14909 | D        | Noticed Ocuh the pandemonium lord
 14919 | D        | Killed Ocuh the pandemonium lord
 14925 | D        | Noticed Olipnef the pandemonium lord
 14929 | D        | Noticed Siohyel the pandemonium lord
 14940 | D        | Killed Olipnef the pandemonium lord
 14956 | D        | Killed Siohyel the pandemonium lord
 15229 | D        | Noticed Neifal the pandemonium lord
 15242 | D        | Killed Neifal the pandemonium lord
 15301 | D        | Noticed Kuuts the pandemonium lord
 15313 | D        | Killed Kuuts the pandemonium lord
 15321 | D        | Noticed Emongagg the pandemonium lord
 15333 | D        | Killed Emongagg the pandemonium lord
 15351 | D        | Escaped with the Orb!

Vault maps used:
D:        linesprint

Action                   |  1- 3 |  4- 6 |  7- 9 | 10-12 | 13-15 | 16-18 | 19-21 | 22-24 | 25-27 || total
-------------------------+-------+-------+-------+-------+-------+-------+-------+-------+-------++-------
Melee: Mace              |    36 |     5 |       |       |       |       |       |       |       ||    41
       Morningstar       |       |     5 |    16 |    45 |       |       |       |       |       ||    66
       Great mace        |       |       |     3 |   171 |   469 |   470 |   469 |   638 |  1464 ||  3684
 Cast: Tukima's Dance    |       |       |       |       |       |       |       |     1 |       ||     1
Invok: Trog's Hand       |       |       |     2 |       |     2 |       |       |       |       ||     4
       Brothers in Arms  |       |       |       |       |     1 |       |       |       |       ||     1
       Divine Shield     |       |       |       |       |     3 |     6 |     4 |     9 |    14 ||    36
       Cleansing Flame   |       |       |       |       |       |       |     1 |    16 |    23 ||    40
       Summon Divine War |       |       |       |       |       |       |       |     7 |     8 ||    15
Evoke: Wand              |       |     4 |     6 |     7 |     6 |       |     2 |     3 |       ||    28
  Use: Potion            |     2 |     3 |     3 |       |     9 |       |       |    17 |       ||    34
       Scroll            |       |       |     2 |     4 |     5 |     7 |     2 |       |     2 ||    22
 Stab: Invisible         |       |       |     1 |       |       |       |       |       |       ||     1
       Distracted        |       |       |       |       |       |       |       |       |     1 ||     1
  Eat: Chunk             |       |       |       |     1 |       |       |       |       |       ||     1
       Meat ration       |       |       |       |     1 |     3 |     1 |     1 |     1 |     2 ||     9
       Fruit             |       |       |       |       |     2 |     2 |     1 |     4 |     3 ||    12
       Beef jerky        |       |       |       |       |       |       |       |     1 |       ||     1
       Bread ration      |       |       |       |       |       |       |       |     1 |     4 ||     5
